 Dungeon Crawl Stone Soup version 0.26-a0-812-g31a745ddcd (webtiles) character file.

Game seed: 9526782100369932078

53 vurker the Sneak (level 3, -13/26 HPs)
             Began as a Gnoll Enchanter on Nov 26, 2020.
             Mangled by Sigmund
             ... wielding a +0 scythe
              (14 damage)
             ... on level 2 of the Dungeon.
             The game lasted 00:02:13 (1846 turns).

vurker the Sneak (Gnoll Enchanter)                  Turns: 1846, Time: 00:02:14

Health: -13/26     AC:  4    Str: 10    XL:     3   Next: 89%
Magic:  8/9        EV: 14    Int: 18    God:
Gold:   79         SH:  0    Dex: 15    Spells: 11/12 levels left

rFire    . . .     SeeInvis .   a - +1 dagger
rCold    + . .     Faith    .   (no shield)
rNeg     . . .     Spirit   .   e - +1 leather armour {rC+}
rPois    .         Reflect  .   (no helmet)
rElec    .         Harm     .   (no cloak)
rCorr    .         Rampage  .   (no gloves)
MR       .....                  (no boots)
Stlth    +.........             (no amulet)
HPRegen  0.08/turn              (no ring)
MPRegen  0.11/turn              (no ring)

@: confused
A: distributed training, fangs 1, strong nose
a: no special abilities


You were on level 2 of the Dungeon.
You visited 1 branch of the dungeon, and saw 2 of its levels.

You collected 79 gold pieces.

Inventory:

Hand Weapons
 a - a +1 dagger (weapon)
Armour
 e - a +1 leather armour of cold resistance (worn)
   (You found it on level 2 of the Dungeon)
Scrolls
 c - a scroll of magic mapping {unknown}
 d - 3 scrolls of identify {unknown}
 g - 2 scrolls of immolation {unknown}
 h - 2 scrolls of enchant weapon {unknown}
 i - 2 scrolls of teleportation {unknown}
 k - a scroll of blinking {unknown}
Potions
 b - 3 potions of curing {unknown}
 f - a potion of might {unknown}
 j - a potion of brilliance {unknown}
 l - a potion of heal wounds {unknown}
 m - a potion of lignification {unknown}


   Skills:
 + Level 1.0 Fighting
 + Level 2.6 Short Blades
 + Level 1.0 Long Blades
 + Level 1.0 Axes
 + Level 1.0 Maces & Flails
 + Level 1.0 Polearms
 + Level 1.0 Staves
 + Level 1.0 Slings
 + Level 1.0 Bows
 + Level 1.0 Crossbows
 + Level 1.0 Throwing
 + Level 1.0 Armour
 + Level 4.6 Dodging
 + Level 6.0 Stealth
 + Level 1.0 Shields
 + Level 1.0 Unarmed Combat
 + Level 5.0 Spellcasting
 + Level 0.7 Conjurations
 + Level 5.4 Hexes
 + Level 0.7 Summonings
 + Level 0.7 Necromancy
 + Level 0.7 Translocations
 + Level 0.7 Transmutations
 + Level 0.7 Fire Magic
 + Level 0.7 Ice Magic
 + Level 0.7 Air Magic
 + Level 0.7 Earth Magic
 + Level 0.7 Poison Magic
 + Level 1.0 Invocations
 + Level 1.0 Evocations


You had 11 spell levels left.
You knew the following spells:

 Your Spells              Type           Power        Failure   Level
a - Corona                Hex            ###....      1%          1

Your spell library contained the following spells:

 Spells                   Type           Power        Failure   Level
 Confusing Touch          Hex            ###.....     6%          3
 Tukima's Dance           Hex            ###.....     6%          3
 Ensorcelled Hibernation  Hex/Ice        ###...       8%          2
 Dazzling Flash           Conj/Hex       ###...       16%         3


Dungeon Overview and Level Annotations

Branches:
Dungeon (2/15)

Altars:

Annotations:
D:2 Sigmund, Terence


Innate Abilities, Weirdness & Mutations

Your experience applies equally to all skills.
You have very sharp teeth.
Your uncanny sense of smell can sniff out nearby items.


Message History

No target in view!
No target in view!
No target in view!
No target in view!
No target in view!
No target in view!
No target in view!
No target in view!
No target in view!
No target in view!
No target in view!
Terence the Incautious comes into view.
He is wielding a +0 falchion.
Terence moves out of view.
A frilled lizard and a worm come into view.
You barely miss Sigmund.
Sigmund shouts!
Sigmund hits you with a +0 scythe.
You hit Sigmund. You bite Sigmund, but do no damage. Sigmund misses you.
You closely miss Sigmund. You barely miss Sigmund. Sigmund closely misses you.
You hit Sigmund. You bite Sigmund.
Sorry, you're not good enough to have a special ability.
Aim: Sigmund, wielding a +0 scythe and wearing a +0 robe (moderately wounded, chance to defeat MR: 72%) Sigmund is outlined in light.
Sigmund hits you with a +0 scythe!
You hit Sigmund. Sigmund hits you with a +0 scythe.
* * * LOW HITPOINT WARNING * * *
You hit Sigmund. You hit Sigmund but do no damage.
Sigmund points at you and mumbles some strange words.
You are confused.
An adder comes into view.
Sigmund hits you with a +0 scythe!
* * * LOW HITPOINT WARNING * * *
The frilled lizard completely misses you.
The adder hisses angrily.
You hit Sigmund but do no damage. You barely miss Sigmund.
Something bites the plant.
The frilled lizard bites you.
* * * LOW HITPOINT WARNING * * *
Sigmund casts a spell at you. The puff of flame misses you.
You bump into the rock wall.
A nearby plant withers and dies.
Sigmund stops glowing.
The frilled lizard closely misses you.
Sigmund casts a spell.
Sigmund flickers and vanishes!
Deactivating autopickup; reactivate with Ctrl-A.
You bump into the rock wall.
The frilled lizard closely misses you. Something hits you!
Ouch! That really hurt!
You die...

#.# #.# ## #...#
#.# #.# .. .....
#.### #.#
.#######..
#...####.# ...
...
###.#..#.##.#####
...
#.#..#>.......#
#.#.......###.#
###....###.####.#
. #......#
#@{.#.P♣...@
#.###.##
##l...≈..... #.#
#.# #..≈≈≈@P≈##
#.# #.#
#.P≈.≈♣≈≈.. #.#
#.# ##.≈≈≈≈≈≈..
#.# #)# #.≈.≈≈wl
. #.# #.#
#..≈≈≈≈≈♣ #.# #.#
#.≈P≈≈≈♣.. #.#
#.# #.P≈≈..≈#.


You could see Terence, a worm and a frilled lizard.

Vanquished Creatures
  2 dart slugs
  2 giant cockroaches (D:2)
  9 hobgoblins
  A quokka (D:2)
  9 bats
  A frilled lizard (D:1)
  6 goblins
  8 kobolds
  7 rats (D:1)
45 creatures vanquished.

Vanquished Creatures (others)
  6 plants (D:2)
6 creatures vanquished.

Grand Total: 51 creatures vanquished

Notes
Turn   | Place    | Note
-------+----------+-------------------------------------------
     0 | D:1      | vurker the Gnoll Enchanter began the quest for the Orb.
     0 | D:1      | Reached XP level 1. HP: 13/13 MP: 6/6
    35 | D:1      | You fall into a shaft and drop 1 floor!
    87 | D:2      | Reached XP level 2. HP: 13/19 MP: 7/7
   364 | D:2      | Noticed Sigmund
   588 | D:1      | Reached XP level 3. HP: 25/25 MP: 9/9
   641 | D:1      | Reached skill level 5 in Spellcasting
   815 | D:1      | Reached skill level 6 in Stealth
   975 | D:1      | Reached skill level 1 in Invocations
  1398 | D:1      | Reached skill level 1 in Fighting
  1398 | D:1      | Reached skill level 1 in Long Blades
  1398 | D:1      | Reached skill level 1 in Axes
  1398 | D:1      | Reached skill level 1 in Maces & Flails
  1398 | D:1      | Reached skill level 1 in Polearms
  1398 | D:1      | Reached skill level 1 in Staves
  1398 | D:1      | Reached skill level 1 in Slings
  1398 | D:1      | Reached skill level 1 in Bows
  1398 | D:1      | Reached skill level 1 in Crossbows
  1398 | D:1      | Reached skill level 1 in Throwing
  1398 | D:1      | Reached skill level 1 in Armour
  1398 | D:1      | Reached skill level 1 in Shields
  1398 | D:1      | Reached skill level 1 in Unarmed Combat
  1398 | D:1      | Reached skill level 1 in Evocations
  1825 | D:2      | Noticed Terence
  1842 | D:2      | HP: 1/26 [Sigmund/+0 scythe (7)]
  1846 | D:2      | Mangled by Sigmund

Illustrated notes

Levels and vault maps discovered:
D:1:      dpeg_arrival_rooms_a, layout_basic
D:2:      layout_basic, serial_bayou_pond_b, minmay_octomino_c4, uniq_terence,
          uniq_sigmund

Skill      XL: |  1  2  3 |
---------------+----------+-----
Spellcasting   | 5 |  5.0
Stealth        | 6 |  6.0
Invocations    | 1 |  1.0
Fighting       | 1 |  1.0
Long Blades    | 1 |  1.0
Axes           | 1 |  1.0
Maces & Flails | 1 |  1.0
Polearms       | 1 |  1.0
Staves         | 1 |  1.0
Slings         | 1 |  1.0
Bows           | 1 |  1.0
Crossbows      | 1 |  1.0
Throwing       | 1 |  1.0
Armour         | 1 |  1.0
Shields        | 1 |  1.0
Unarmed Combat | 1 |  1.0
Evocations     | 1 |  1.0
Short Blades   | |  2.6
Dodging        | |  4.6
Conjurations   | |  0.7
Hexes          | |  5.4
Summonings     | |  0.7
Necromancy     | |  0.7
Translocations | |  0.7
Transmutations | |  0.7
Fire Magic     | |  0.7
Ice Magic      | |  0.7
Air Magic      | |  0.7
Earth Magic    | |  0.7
Poison Magic   | |  0.7

Action                   || total
-------------------------++-------
Melee: Dagger            ||   162
       Bite              ||    16
 Cast: Corona            ||     1
 Stab: Sleeping          ||    14
Armor: Robe              ||     2
       Leather armour    ||    33
Dodge: Dodged            ||   124

Table legend: (Time is in decaauts)
 A = Elapsed time spent in this place.
 B = Non-inter-level travel time spent in this place.
 C = Inter-level travel time spent in this place.
 D = Time resting spent in this place.
 E = Time spent auto-exploring this place.
 F = Levels seen in this place.
 G = Mean time per level.
                   A        B        C        D        E       F      G
               +--------+--------+--------+--------+--------+-----+--------+
         Total |   1826 |   1807 |     19 |      0 |   1442 |   2 |  913.0 |
       Dungeon |   1826 |   1807 |     19 |      0 |   1442 |   2 |  913.0 |
               +--------+--------+--------+--------+--------+-----+--------+

Top non-repeatable levels by time:
     D:1: 1281 daAuts
     D:2: 544 daAuts
